 Dungeon Crawl Stone Soup version 0.18-b1-10-g3f7de93 (webtiles) character file.

471 sonofsunaj the Ducker (level 6, -2/62 HPs)
             Began as a Troll Berserker on Apr 29, 2016.
             Was a Priest of Trog.
             Killed from afar by Sigmund (5 damage)
             ... with a magic dart
             ... on level 5 of the Dungeon.
             The game lasted 00:36:57 (3143 turns).

sonofsunaj the Ducker (Troll Berserker)             Turns: 3143, Time: 00:36:58

Health: -2/62      AC:  9    Str: 28    XL:     6   Next: 83%
Magic:  5/5        EV: 11    Int:  3    God:    Trog [***...]
Gold:   198        SH:  0    Dex:  9    Spells: 0 memorised, 5 levels left

rFire  . . .     SeeInvis .     F - +2 flail (venom)
rCold  . . .     Gourm    +     b - +1 animal skin
rNeg   . . .     Faith    .     (no shield)
rPois  .         Spirit   .     (helmet restricted)
rElec  .         Dismiss  .     (no cloak)
rCorr  .         Reflect  .     (gloves unavailable)
SustAt .         Harm     .     (boots unavailable)
MR     .....                    (no amulet)
Stlth  +.........               (no ring)
                                L - +3 ring of protection

@: not resistant to hostile enchantments, very unstealthy
A: unfitting armour, claws 3, fast metabolism 3, gourmand, regeneration 2,
shaggy fur 1, tough skin 2
a: Berserk, Trog's Hand, Burn Spellbooks, Renounce Religion


You were on level 5 of the Dungeon.
You worshipped Trog.
Trog was most pleased with you.
You were completely stuffed.

You visited 1 branch of the dungeon, and saw 5 of its levels.

You collected 198 gold pieces.

Inventory:

Hand Weapons
 m - a +0 hand axe of venom
 F - a +2 flail of venom (weapon)
Armour
 b - a +1 animal skin (worn)
Jewellery
 L - a +3 ring of protection (left claw)
Scrolls
 d - a scroll of blinking {unknown}
 f - 4 scrolls of recharging
 j - a scroll of teleportation
 l - 3 scrolls of amnesia
 p - a scroll of identify
 u - a scroll of fog
Potions
 a - a potion of cancellation
 v - a potion of curing
 w - a potion of heal wounds
Comestibles
 c - 6 bread rations
 s - 8 fruits
 M - a meat ration
 N - a slice of pizza


   Skills:
 + Level 3.9 Fighting
 + Level 1.6(2.6) Axes
 + Level 3.5(3.8) Maces & Flails
 + Level 4.4 Dodging
 + Level 1.1 Stealth


You had 5 spell levels left.
You didn't know any spells.

Dungeon Overview and Level Annotations

Branches:
Dungeon (5/15)
 Temple: D:4-7

Altars:
Nemelex Xobeh

Shops:
D:5 [

Annotations:
D:5 Sigmund


Innate Abilities, Weirdness & Mutations

You are too large for most types of armour.
You have claws for hands.
Your metabolism is lightning-fast.
You like to eat raw meat.
You heal very quickly.
You are covered in fur (AC +1).
You have very tough skin (AC +2).


Message History

* * * LOW HITPOINT WARNING * * *
You feel less confused. Something hits you.
* * * LOW HITPOINT WARNING * * *
You hit something. Something hits you!
* * * LOW HITPOINT WARNING * * *
Something hits you but does no damage.
You see here a scroll labeled ROM REOKAI.
d - a scroll labeled ROM REOKAI Sigmund appears from thin air!
Reactivating autopickup.
Sigmund hits you from afar with a scythe!
* * * LOW HITPOINT WARNING * * *
You feel better.
Sigmund hits you from afar with a scythe.
* * * LOW HITPOINT WARNING * * *
Sigmund says, "Don't worry, I'll kill you fast."
Sigmund casts a spell at you. The magic dart hits you!
You die...

## #......)...#
... ##...#.###..#
#.## #.....# ...#
...# #....## ...#
#..##....##....#
#..#.@........#
##...#..........
##.............#.
#....@.......#...
#..........$.....
#............#...
##...........###
##...#....###
#.#.####.# ..
#.#.# .# .. ....#
. .. #.


You could see Sigmund.

Vanquished Creatures
  A crimson imp (D:5)
  3 orc priests (D:5)
  A hound (D:4)
  2 orc wizards (D:5)
  An iguana (D:4)
  Natasha (D:2)
  Robin (D:3)
  7 gnolls
  5 adders
  4 worms
  A dart slug (D:1)
  A giant gecko (D:2)
  9 orcs
  2 bats (D:3)
  3 giant cockroaches
  9 goblins (D:3)
  11 hobgoblins
  3 jackals (D:2)
  5 kobolds
  A quokka (D:4)
  A giant newt (D:1)
  5 rats
77 creatures vanquished.

Notes
Turn   | Place    | Note
--------------------------------------------------------------
     0 | D:1      | sonofsunaj the Troll Berserker began the quest for the Orb.
     0 | D:1      | Reached XP level 1. HP: 22/22 MP: 0/0
   459 | D:1      | Reached XP level 2. HP: 28/29 MP: 1/1
  1496 | D:2      | Noticed Natasha
  1501 | D:2      | Killed Natasha
  1501 | D:2      | Reached skill level 3 in Dodging
  1501 | D:2      | Reached XP level 3. HP: 23/36 MP: 2/2
  1696 | D:3      | Noticed Robin
  1704 | D:3      | Reached XP level 4. HP: 28/45 MP: 3/3
  1773 | D:3      | Killed Robin
  1786 | D:3      | Reached ** piety under Trog
  2054 | D:3      | Reached skill level 1 in Axes
  2054 | D:3      | Reached XP level 5. HP: 36/53 MP: 4/4
  2108 | D:3      | Found a sparkling altar of Nemelex Xobeh.
  2721 | D:4      | Reached skill level 4 in Dodging
  2721 | D:4      | Reached XP level 6. HP: 36/61 MP: 5/5
  2726 | D:4      | Reached *** piety under Trog
  2870 | D:5      | Entered Level 5 of the Dungeon
  2915 | D:5      | Reached skill level 1 in Stealth
  2984 | D:5      | Found Jiakhoyj's Antique Armour Emporium.
  3109 | D:5      | Noticed Sigmund
  3138 | D:5      | HP: 1/62 [Sigmund/scythe (9)]
  3143 | D:5      | Killed from afar by Sigmund

Skill      XL: |  1  2  3  4  5  6 |
---------------+-------------------+-----
Maces & Flails | 3 |  3.5
Dodging        | 3 4 |  4.4
Fighting       | 3 |  3.9
Axes           | 1 |  1.6
Stealth        | 1 |  1.1

Action                   |  1- 3 |  4- 6 || total
-------------------------+-------+-------++-------
Melee: Mace              |    40 |       ||    40
       Hand axe          |    29 |    84 ||   113
       Flail             |       |    74 ||    74
  Use: Scroll            |     7 |     3 ||    10
       Potion            |     3 |     5 ||     8
 Stab: Sleeping          |       |     1 ||     1
  Eat: Bread ration      |     3 |       ||     3
       Chunk             |     5 |    14 ||    19
       Fruit             |     3 |       ||     3
Armor: Robe              |    29 |    45 ||    74
       Animal skin       |       |    26 ||    26
Dodge: Dodged            |    36 |    90 ||   126
